 Dungeon Crawl Stone Soup version 0.17.0-18-gaab0e96 (console) character file.

133 gw the Vandal (level 5, -15/35 HPs)
             Began as a Halfling Hunter on Nov 11, 2015.
             Was a Follower of Yredelemnul.
             Demolished by an ogre
             ... wielding a +0 giant club
              (20 damage)
             ... on level 3 of the Dungeon.
             The game lasted 00:03:04 (2889 turns).

gw the Vandal (Halfling Hunter)                     Turns: 2889, Time: 00:03:04

Health: -15/35     AC:  9    Str: 12    XL:     5   Next: 40%
Magic:  5/5        EV:  8    Int: 10    God:    Yredelemnul [*.....]
Gold:   107        SH:  0    Dex: 16    Spells: 0 memorised, 4 levels left

rFire  . . .     SeeInvis .     b - +0 mace
rCold  . . .     Clarity  .     g - +0 chain mail
rNeg   . . .     SustAt   .     (shield restricted)
rPois  .         Gourm    .     c - +0 helmet
rElec  .         Spirit   .     (no cloak)
rCorr  .         Warding  .     (no gloves)
rMut   .         Stasis   .     (no boots)
MR     .....                    (no amulet)
Stlth  ..........               (no ring)
                                (no ring)

@: not resistant to hostile enchantments, extremely unstealthy
A: mutation resistance 1
a: Animate Remains, Renounce Religion


You were on level 3 of the Dungeon.
You worshipped Yredelemnul.
Yredelemnul was aware of your devotion.
You were not hungry.

You visited 1 branch of the dungeon, and saw 3 of its levels.

You collected 107 gold pieces.

Inventory:

Hand Weapons
 a - a +1 hunting sling
 b - a +0 mace (weapon)
Missiles
 d - 28 sling bullets
 f - 48 stones (quivered)
Armour
 c - a +0 helmet (worn)
 g - a +0 chain mail (worn)
Comestibles
 e - 6 bread rations


   Skills:
 + Level 2.5 Fighting
 + Level 0.4 Maces & Flails
 * Level 7.5 Slings
 + Level 2.1 Armour
 - Level 2.1 Dodging
 - Level 1.1 Stealth
 + Level 0.9 Invocations


You had 4 spell levels left.
You didn't know any spells.

Dungeon Overview and Level Annotations

Branches:
Dungeon (3/15)

Altars:
Yredelemnul


Innate Abilities, Weirdness & Mutations

You are small and have problems with some larger weapons.
You are somewhat resistant to further mutation.


Message History

Unknown command.
Unknown command.
Unknown command.
FLEEEEING!
ATTACKING (1,0)
You hit the ogre but do no damage.
The ogre is moderately wounded.
The ogre hits you with a giant club!
Unknown command.
Unknown command.
Unknown command.
Unknown command.
FLEEEEING!
ATTACKING (1,0)
You closely miss the ogre.
The ogre is moderately wounded.
The ogre hits you with a giant club!!
Ouch! That really hurt!
You die...
Your body rises from the dead as a mindless zombie.

# ############# #########
##........[..# #........
#.....######.# #.######(
#.....?).# #.# #.##....(
#.....##)###.####.##.....
##...###pO...........?.#.
#..## #####.####.##.....
#..# #.# #.##..... #..#
#.# #.#..)#'# #..## #.#
#.#...#..
#...#######.####.#...#..
#....!....[....#....P###
#...######.#.#.####..P.P
##### #.#.#.# #.....


You could see an ogre.

Table legend:
 A = Turns spent in this place as a percentage of turns spent in the entire game.
 B = Non-inter-level travel turns spent in this place as a percentage of non-inter-level travel turns spent in the entire game.
 C = Inter-level travel turns spent in this place as a percentage of turns spent in this place.
 D = Turns resting spent in this place as a percentage of non-inter-level travel turns spent in this place.
 E = Turns spent auto-exploring this place as a percentage of non-inter-level travel turns spent in this place.
 F = Non-inter-level travel turns spent in this place divided by the number of levels of this place that you've seen.
                   A       B       C       D       E      F
               +-------+-------+-------+-------+-------+----------------------
         Total | 100.0 | 100.0 |   0.4 |   0.5 |   2.0 | 1636.7
       Dungeon | 100.0 | 100.0 |   0.4 |   0.5 |   2.0 | 1636.7
               +-------+-------+-------+-------+-------+----------------------

Table legend:
 A = Kills in this place as a percentage of kills in entire the game.
 B = Kills by you in this place as a percentage of kills by you in the entire game.
 C = Kills by friends in this place as a percentage of kills by friends in the entire game.
 D = Other kills in this place as a percentage of other kills in the entire game.
 E = Experience gained in this place as a percentage of experience gained in the entire game.
 F = Experience gained in this place divided by the number of levels of this place that you have seen.
                   A       B       C       D       E      F
               +-------+-------+-------+-------+-------+----------------------
         Total | 100.0 | 100.0 |  -nan |  -nan | 100.0 |  63.7
       Dungeon | 100.0 | 100.0 |  -nan |  -nan | 100.0 |  63.7
               +-------+-------+-------+-------+-------+----------------------

Vanquished Creatures
  Robin (D:3)
  5 adders
  2 worms (D:2)
  2 giant geckos (D:2)
  2 orcs (D:3)
  6 bats
  2 giant cockroaches (D:3)
  2 gnoll zombies (D:2)
  11 goblins
  12 hobgoblins
  3 jackals (D:2)
  10 kobolds
  A giant newt (D:2)
  2 rats
61 creatures vanquished.

Notes
Turn   | Place    | Note
--------------------------------------------------------------
     0 | D:1      | gw the Halfling Hunter began the quest for the Orb.
     0 | D:1      | Reached XP level 1. HP: 14/14 MP: 1/1
   189 | D:1      | Reached skill level 6 in Slings
   222 | D:1      | Reached XP level 2. HP: 19/19 MP: 2/2
   547 | D:1      | You fall through a shaft!
   558 | D:2      | Reached skill level 1 in Armour
   569 | D:2      | Reached XP level 3. HP: 24/24 MP: 3/3
  1057 | D:2      | Reached XP level 4. HP: 29/29 MP: 4/4
  1592 | D:2      | Found a basalt altar of Yredelemnul.
  1601 | D:2      | Became a worshipper of Yredelemnul the Dark
  1791 | D:3      | Reached skill level 7 in Slings
  2432 | D:3      | Reached XP level 5. HP: 30/35 MP: 5/5
  2500 | D:3      | Noticed Robin
  2567 | D:3      | Killed Robin
  2777 | D:3      | Reached * piety under Yredelemnul
  2786 | D:3      | Noticed an ogre
  2889 | D:3      | Demolished by an ogre

Action                   |  1- 3 |  4- 6 || total
-------------------------+-------+-------++-------
Melee: Short sword       |    46 |    40 ||    86
       Mace              |       |   110 ||   110
 Fire: Hunting sling     |    57 |    53 ||   110
  Eat: Chunk             |       |     6 ||     6

Vault maps used:
D:1:      kilobyte_arrival_exit_the_forest
D:2:      lemuel_zombie_altar_yredelemnul, hangedman_decor_peaks_small,
          st_stairs_7
D:3:      corexii_shack, hangedman_glass_teeth, uniq_robin
